 Dungeon Crawl Stone Soup version 0.31-a0-331-geda263fcf1 (webtiles) character file.

Game seed: 12823720304615261997

3612 mopl the Martial Artist (level 10, -1/67 HPs)
             Began as an Octopode Shapeshifter on July 19, 2023.
             Was a High Priest of Uskayaw.
             Engulfed by a cloud of steam (11 damage)
             ... on level 8 of the Dungeon.
             The game lasted 00:08:22 (6741 turns).

mopl the Martial Artist (Octopode Shapeshifter)     Turns: 6741, Time: 00:08:23

Health: -1/67      AC:  1    Str: 14    XL:     10   Next: 11%
Magic:  12/12      EV: 21    Int: 17    God:    Uskayaw [*****.]
Gold:   641        SH:  0    Dex: 17    Spells: 9/9 levels left

rFire   . .          .
                       - Unarmed
rCold   + . .        (no shield)
rNeg    . . .        (helmet currently unavailable)
rPois   +            v - amulet of magic regeneration
rElec   .            i - ring of protection from cold
rCorr   .            q - +5 ring of evasion
SInv    .            y - ring of poison resistance
Will    .....        D - +6 ring of intelligence
Stlth   +++          (no ring)
HPRegen 0.31/turn    (no ring)
MPRegen 0.53/turn    (no ring)
                     (no ring)

%: no passive effects
@: beast-form
A: beast (slay +5), almost no armour, amphibious, 8 rings, camouflage 1,
gelatinous body 1, (nimble swimmer 1), tentacles
a: Begin Untransformation, Renounce Religion, Stomp, Line Pass, Grand Finale


You were on level 8 of the Dungeon.
You worshipped Uskayaw.
Uskayaw was noncommittal.
You were a hulking beast.
You visited 2 branches of the dungeon, and saw 9 of its levels.
You also visited: Sewer.

You collected 641 gold pieces.

Inventory:

Hand Weapons
 w - the +5 dagger of Zin's Reproof {antimagic, rElec rCorr}
   (You found it on level 5 of the Dungeon)

   rElec:     It insulates you from electricity.
   rCorr:     It protects you from acid and corrosion.
Missiles
 c - 27 poisoned darts (quivered)
 n - a throwing net
 A - 2 boomerangs
 C - 2 curare-tipped darts
Jewellery
 i - a ring of protection from cold (left tentacle)
 q - a +5 ring of evasion (right tentacle)
 v - an amulet of magic regeneration (around mantle)
 y - a ring of poison resistance (on tentacle)
 D - a +6 ring of intelligence (on tentacle)
Talismans
 b - a beast talisman
Wands
 l - a wand of flame (19)
 p - a wand of light (25)
Scrolls
 d - 3 scrolls of vulnerability
 g - 2 scrolls of blinking {unknown}
 j - 5 scrolls of teleportation {unknown}
 k - a scroll of enchant armour {unknown}
 r - a scroll of brand weapon {unknown}
 s - 2 scrolls of summoning {unknown}
 t - 3 scrolls of amnesia {unknown}
 u - 2 scrolls of noise {unknown}
 z - 2 scrolls of fear {unknown}
 B - 2 scrolls of enchant weapon {unknown}
Potions
 a - 2 potions of lignification {!q}
 e - 2 potions of might
 f - 2 potions of magic
 h - 5 potions of curing {unknown}
 m - a potion of heal wounds
 o - a potion of enlightenment
 x - 2 potions of cancellation


   Skills:
 + Level 5.6 Fighting
 + Level 2.6 Throwing
 + Level 5.5 Dodging
 * Level 8.0 Unarmed Combat
 + Level 2.9 Invocations
 + Level 2.9 Evocations
 * Level 7.1 Shapeshifting


You had 9 spell levels left.
You didn't know any spells.
Your spell library contained the following spells:

 Spells                   Type           Power      Damage    Failure   Level
 Ensorcelled Hibernation  Hex/Ice        0%         N/A       34%         2
 Passwall                 Tmut/Erth      0%         N/A       34%         2
 Swiftness                Air            0%         N/A       56%         3


Dungeon Overview and Level Annotations

Branches:
Dungeon (8/15)             Temple (1/1) D:6           Sewer (visited)
   Lair: D:8-11

Altars:
Ashenzari
Cheibriados
Dithmenos
Elyvilon
Fedhas
Gozag
Kikubaaqudgha
Makhleb
Nemelex Xobeh
Okawaru
Qazlal
Ru
Trog
Uskayaw
Vehumet
Wu Jian
Yredelemnul
Zin
The Shining One


Innate Abilities, Weirdness & Mutations

You are a hulking beast.
Your limbs bulge with bestial killing power. (Slay +5)
You cannot wear most types of armour.
You are amphibious.
You can wear up to eight rings at the same time.
Your skin changes colour to match your surroundings (Stealth+).
Your rubbery body absorbs attacks. (AC +1, EV +1)
((You are camouflaged when in or above water. (Stealth+)))
You have tentacles for arms and can constrict up to eight enemies at once.


Message History

You are engulfed in a cloud of scalding steam.
You constrict the kobold brigand. You bludgeon the kobold brigand!
The kobold brigand is severely wounded.
You constrict the kobold brigand. The kobold brigand barely misses you.
The steam dragon bites you. The steam dragon claws you.
The orc wizard is engulfed in a cloud of scalding steam.
The orc wizard misses you.
Uskayaw will force your foes to share their pain.
Uskayaw links your audience in an emotional bond!
You tentacle-slap the kobold brigand. You squeeze the kobold brigand.
You kill the kobold brigand!
The steam dragon misses you. The steam dragon completely misses you.
The orc wizard misses you.
Your Unarmed Combat skill increases to level 8!
Unknown command.
You miss the orc wizard. Your grab misses the orc wizard.
The orc wizard is severely wounded.
The steam dragon breathes steam at you. The ball of steam misses you.
The orc wizard misses you. The orc barely misses you.
You bludgeon the steam dragon!
You kill the orc!
You kill the orc wizard!
You squeeze the steam dragon.
The steam dragon is heavily wounded.
You are engulfed in a cloud of scalding steam.
The steam dragon closely misses you. x2
Unknown command.
You tentacle-slap the steam dragon. You squeeze the steam dragon.
The steam dragon is severely wounded.
You are engulfed in a cloud of scalding steam.
The steam dragon is no longer sharing its pain.
The steam dragon breathes steam at you. The ball of steam hits you!
* * * LOW HITPOINT WARNING * * *
You can now merge with and destroy a victim.
You bludgeon the steam dragon!
You kill the steam dragon!
You are engulfed in a cloud of scalding steam.
You die...

# #.# #.#
######)#########
#..............#
#..............#
##....§§#####..
#.....#§###.#
#....#.#§#.#
#....##.#h#
##.#. ##))!#
#.#. #.#(#.#
#...#.#.#.#.#
..# # # #.. .#.
.## # . # #


There were no monsters in sight!

Vanquished Creatures
  A hornet (D:8)
  Eustachio (D:5)
  2 steam dragons
  Edmund (D:4)
  A water moccasin (D:7)
  Pargi (Sewer)
  An orc warrior (D:7)
  4 ice beasts
  A sky beast (D:7)
  A black bear (D:6)
  4 centaurs
  A phantom (D:6)
  3 kobold brigands
  A bullfrog (D:8)
  Blork the orc (D:5)
  4 scorpions
  A wight (D:8)
  A howler monkey (D:8)
  2 jellies
  Crazy Yiuf (D:3)
  2 hounds
  9 orc priests
  A gnoll bouda (D:4)
  Terence (D:2)
  2 iguanas (D:6)
  9 orc wizards
  17 adders
  14 gnolls
  A shadow imp (D:8)
  2 white imps
  A worm (D:2)
  A dart slug (D:3)
  22 orcs
  3 bats
  8 endoplasms
  5 giant cockroaches
  6 goblins
  7 hobgoblins
  25 kobolds
  3 quokkas
  4 ball pythons
  4 frilled lizards
  4 rats
184 creatures vanquished.

Notes
Turn   | Place    | Note
-------+----------+-------------------------------------------
     0 | D:1      | mopl the Octopode Shapeshifter began the quest for the Orb.
     0 | D:1      | Reached XP level 1. HP: 14/14 MP: 1/1
    78 | D:1      | Reached XP level 2. HP: 17/19 MP: 2/2
   603 | D:2      | Reached XP level 3. HP: 19/24 MP: 3/3
   892 | D:2      | Noticed Terence
   907 | D:2      | Killed Terence
   908 | D:2      | Reached XP level 4. HP: 20/30 MP: 4/4
   933 | D:2      | Reached skill level 3 in Unarmed Combat
  1100 | D:3      | Found a glowing drain.
  1146 | D:3      | Reached XP level 5. HP: 22/35 MP: 5/5
  1156 | Sewer    | Entered a sewer
  1204 | Sewer    | Noticed Pargi
  1220 | Sewer    | Killed Pargi
  1221 | Sewer    | Reached skill level 3 in Dodging
  1221 | Sewer    | Reached skill level 4 in Shapeshifting
  1416 | D:3      | Reached XP level 6. HP: 41/41 MP: 6/6
  1795 | D:3      | Reached skill level 3 in Fighting
  1917 | D:3      | Reached skill level 4 in Unarmed Combat
  2269 | D:3      | Found a runed translucent door.
  2270 | D:3      | Noticed Crazy Yiuf
  2275 | D:3      | Killed Crazy Yiuf
  2364 | D:4      | Noticed Edmund
  2377 | D:4      | Killed Edmund
  2378 | D:4      | Reached XP level 7. HP: 37/46 MP: 7/7
  2577 | D:4      | Found a blossoming altar of Fedhas.
  2884 | D:4      | Reached skill level 5 in Unarmed Combat
  2886 | D:4      | Reached skill level 5 in Shapeshifting
  3171 | D:4      | Reached XP level 8. HP: 51/54 MP: 8/8
  3629 | D:5      | Entered Level 5 of the Dungeon
  3650 | D:5      | Noticed Eustachio
  3653 | D:5      | Reached skill level 4 in Dodging
  3670 | D:5      | Killed Eustachio
  3671 | D:5      | Reached skill level 4 in Fighting
  3707 | D:5      | Found a stormy altar of Qazlal.
  3770 | D:5      | Identified the +5 dagger of Zin's Reproof {antimagic, rElec
                  | rCorr}
  4083 | D:5      | Noticed Blork the orc
  4090 | D:5      | Killed Blork the orc
  4091 | D:5      | Reached skill level 6 in Unarmed Combat
  4257 | D:6      | Reached skill level 6 in Shapeshifting
  4475 | D:6      | Found a staircase to the Ecumenical Temple.
  4490 | Temple   | Entered the Ecumenical Temple
  4559 | Temple   | Became a worshipper of Uskayaw the Reveller
  4653 | D:6      | Reached * piety under Uskayaw
  4654 | D:6      | Reached ** piety under Uskayaw
  4655 | D:6      | Reached XP level 9. HP: 51/59 MP: 9/9
  4912 | D:7      | Reached skill level 1 in Invocations
  4912 | D:7      | Reached skill level 1 in Evocations
  4955 | D:7      | Reached skill level 1 in Throwing
  4955 | D:7      | Reached skill level 7 in Unarmed Combat
  5087 | D:7      | Reached skill level 5 in Fighting
  5087 | D:7      | Reached skill level 5 in Dodging
  5089 | D:7      | Reached *** piety under Uskayaw
  5095 | D:7      | Reached **** piety under Uskayaw
  5599 | D:7      | Reached skill level 2 in Invocations
  5625 | D:7      | Reached skill level 2 in Evocations
  6119 | D:7      | Reached skill level 2 in Throwing
  6485 | D:8      | Reached skill level 7 in Shapeshifting
  6485 | D:8      | Reached XP level 10. HP: 52/66 MP: 11/11
  6738 | D:8      | Reached skill level 8 in Unarmed Combat
  6740 | D:8      | Reached ***** piety under Uskayaw
  6741 | D:8      | Engulfed by a cloud of steam

Illustrated notes

Levels and vault maps discovered:
D:1:      heliophobic_arrival_battle_scene, layout_basic,
          minmay_gold_behind_fungi
D:2:      layout_loops_ring, chequers_decorated_corner, uniq_terence
D:3:      layout_basic, gup_sewer_entry_glass, minmay_vboxes,
          uniq_crazy_yiuf_cottage
D:4:      layout_basic, kennysheep_little_box, minmay_misc_feat_four_crosses,
          uniq_edmund
D:5:      layout_cave_pools, nicolae_overflow_hidden_temple,
          reono_crystal_passage, nicolae_underground_beach, uniq_blork_the_orc,
          uniq_eustachio
D:6:      layout_loops_ring, minmay_temple_entry_statues_pillars
D:7:      mumra_celtic_spiral_tile, layout_loops_ring
D:8:      layout_rooms, doesnt_xom_only_xom, minmay_circle_x
Temple:   minmay_temple_bridge_d

Skill      XL: |  1  2  3  4  5  6  7  8  9 10 |
---------------+-------------------------------+-----
Unarmed Combat | 3 4 5 6 7 8 |  8.0
Dodging        | 3 4 5 |  5.5
Shapeshifting  | 4 5 6 7 |  7.1
Fighting       | 3 4 5 |  5.6
Invocations    | 2 |  2.9
Evocations     | 2 |  2.9
Throwing       | 2 |  2.6

Action                     |  1- 3 |  4- 6 |  7- 9 | 10-12 || total
---------------------------+-------+-------+-------+-------++-------
  Melee: Unarmed           |    51 |   115 |   211 |    24 ||   401
         Tentacles         |    14 |    28 |    50 |     7 ||    99
         Constrict         |    12 |    28 |    51 |     4 ||    95
         Punch             |     1 |     2 |    10 |     2 ||    15
  Throw: Dart              |       |     6 |     5 |       ||    11
  Evoke: Wand              |       |     3 |     6 |       ||     9
    Use: Scroll            |       |     3 |     3 |       ||     6
   Stab: Sleeping          |     7 |     3 |     7 |       ||    17
         Distracted        |       |     1 |     1 |       ||     2
         Paralysed         |       |       |     2 |     3 ||     5
         Invisible         |       |       |     2 |       ||     2
 Armour: Skin              |     1 |     5 |     6 |       ||    12
  Dodge: Dodged            |    27 |    64 |   180 |    23 ||   294

Table legend: (Time is in decaauts)
 A = Elapsed time spent in this place.
 B = Non-inter-level travel time spent in this place.
 C = Inter-level travel time spent in this place.
 D = Time resting spent in this place.
 E = Time spent auto-exploring this place.
 F = Levels seen in this place.
 G = Mean time per level.
                   A        B        C        D        E       F      G
               +--------+--------+--------+--------+--------+-----+--------+
         Total |   6704 |   6368 |    336 |   1181 |   3989 |  10 |  670.4 |
       Dungeon |   6317 |   6118 |    199 |   1049 |   3956 |   8 |  789.6 |
        Temple |    138 |      1 |    137 |      0 |      0 |   1 |  138.0 |
         Sewer |    248 |    248 |      0 |    132 |     33 |   1 |  248.0 |
               +--------+--------+--------+--------+--------+-----+--------+

Top non-repeatable levels by time:
     D:7: 1386 daAuts
     D:4: 1244 daAuts
     D:3: 956 daAuts
     D:2: 670 daAuts
     D:6: 578 daAuts
     D:5: 540 daAuts
     D:1: 493 daAuts
     D:8: 447 daAuts
   Sewer: 248 daAuts
  Temple: 138 daAuts
